AoeStats
← il caldo fa schifo

MegaRandom

507114898Analyzed
4v4 RM · 15d ago on Sep 16, 2026· 36m 39s· 8 players
Game mode
Random Map
Map size
Large (8 player)
Population
200
Speed
Normal
Resources
Standard
Victory
Conquest
Starting age
Dark Age
Ending age
Imperial Age
RankedLock teamsTeams togetherTeam positionsShared explorationLock speedFull tech treeHidden civsTurbo modeCheats
Victory
Defeat
🇮🇹 Khmer · Italy
1262
+17
🇩🇪 Saracens · Germany
1261
+17
🇨🇭 Aztecs · Switzerland
1227
+18
🇨🇭 Persians · Switzerland
1225
+19
🇨🇳 Georgians · China
1312
-19
🇨🇳 Vietnamese · China
1305
-19
🇺🇸 Franks · United States
1291
-18
🇨🇭 Persians · Switzerland
1223
-15
nikias.marquardt
9:56 Feudal Age
8:17 Loom
13:59 Castle Age
12:45 Horse Collar
12:51 Double-Bit Axe
15:13 Scale Barding Armor
17:47 Light Cavalry
18:40 Bloodlines
22:46 Chain Barding Armor
23:17 Husbandry
24:12 Forging
27:13 Iron Casting
28:41 Heavy Plow
35:01 Imperial Age
32:45 Masonry
35:13 Wheelbarrow
34:28 Town Watch
35:20 Heavy Camel Rider
36:40 Plate Barding Armor
37:06 Blast Furnace
35:33 Light Cavalry
elite chicken
0:42 Loom
9:55 Feudal Age
14:01 Castle Age
12:52 Scale Mail Armor
13:18 Forging
14:48 Squires
14:45 Eagle Warrior
18:13 Arson
19:16 Horse Collar
21:16 Chain Mail Armor
21:23 Pikeman
23:15 Double-Bit Axe
26:18 Iron Casting
30:27 Gold Mining
36:15 Bow Saw
36:43 Wheelbarrow
36:29 Heavy Plow
GdR_Salinaro
0:35 Loom
10:15 Feudal Age
13:04 Castle Age
10:56 Double-Bit Axe
11:05 Horse Collar
14:00 Wheelbarrow
14:36 Bow Saw
15:25 Heavy Plow
15:40 Gold Mining
19:09 Fervor
20:47 Town Watch
23:04 Hand Cart
23:30 Gold Shaft Mining
22:46 Stone Mining
25:42 Stone Shaft Mining
25:42 Fletching
29:55 Imperial Age
28:09 Forging
28:05 Scale Barding Armor
27:55 Bodkin Arrow
29:32 Iron Casting
29:09 Bloodlines
29:00 Husbandry
29:29 Town Patrol
30:00 Elite Battle Elephant
31:02 Chain Barding Armor
30:50 Tusk Swords
31:11 Conscription
30:53 Bracer
32:56 Blast Furnace
33:07 Plate Barding Armor
34:56 Ballistics
il caldo fa schifo
0:28 Loom
17:50 Feudal Age
18:18 Town Watch
24:38 Fletching
31:01 Castle Age
30:09 Double-Bit Axe
30:05 Horse Collar
33:33 Husbandry
35:16 Scale Barding Armor
35:21 Forging
mR_GrincH_
0:32 Loom
8:51 Feudal Age
9:31 Double-Bit Axe
10:17 Town Watch
12:23 Forging
13:59 Wheelbarrow
14:39 Scale Barding Armor
17:11 Gold Mining
19:53 Castle Age
21:01 Chain Barding Armor
26:03 Iron Casting
29:22 Bow Saw
30:44 Fletching
30:54 Padded Archer Armor
34:28 Hand Cart
fresh_jam
20:09 Feudal Age
20:41 Loom
22:15 Horse Collar
24:38 Double-Bit Axe
32:22 Castle Age
34:09 Bloodlines
35:06 Scale Barding Armor
35:12 Forging
微辣十三香
0:43 Loom
10:44 Feudal Age
11:31 Double-Bit Axe
14:38 Castle Age
13:23 Horse Collar
14:33 Fletching
16:57 Bow Saw
18:41 Heavy Plow
20:52 Stone Mining
23:40 Wheelbarrow
23:22 Town Watch
24:39 Hand Cart
26:17 Crossbowman
30:23 Imperial Age
28:59 Thumb Ring
28:52 Bodkin Arrow
28:58 Padded Archer Armor
30:00 Caravan
30:18 Squires
30:36 Leather Archer Armor
30:24 Chatras
32:16 Two-Man Saw
30:47 Arbalester
32:03 Bracer
33:54 Chemistry
33:15 Ballistics
32:35 Treadmill Crane
34:16 Paper Money
34:01 Scale Mail Armor
34:08 Scale Barding Armor
34:14 Forging
35:21 Siege Engineers
36:12 Ring Archer Armor
36:24 Crop Rotation
36:27 Bloodlines
36:20 Husbandry
true my word i
0:32 Loom
10:43 Feudal Age
14:51 Castle Age
12:37 Double-Bit Axe
12:57 Horse Collar
16:17 Bow Saw
16:16 Scale Barding Armor
16:23 Scale Barding Armor
22:15 Fervor
24:17 Wheelbarrow
25:16 Town Watch
26:10 Chain Barding Armor
26:49 Chain Barding Armor
27:30 Hand Cart
32:20 Imperial Age
31:01 Bloodlines
31:23 Svan Towers
31:53 Heavy Plow
31:49 Guard Tower
32:20 Ballistics
32:26 Pikeman
33:07 Scale Mail Armor
33:22 Elite Monaspa
34:23 Conscription
34:39 Plate Barding Armor
34:21 Forging
34:34 Husbandry
33:55 Light Cavalry
35:52 Keep
Connection lost

Rejoining the realm…

Still unreachable

The connection could not be restored.

Session expired

The server has moved on; the page needs a fresh start.